 Dungeon Crawl Stone Soup version 0.21.0-3-g78d12a8 (webtiles) character file.

84651 Inarius the Gelid (level 15, -5/109 HPs)
             Began as a Yellow Draconian Ice Elementalist on Jan 14, 2018.
             Was the Champion of Hepliaklqana.
             Slain by a white ugly thing (23 damage)
             ... on level 14 of the Dungeon on Jan 15, 2018.
             The game lasted 02:03:00 (25329 turns).

Inarius the Gelid (DrIE)                           Turns: 25329, Time: 02:03:01

Health: -5/109     AC: 15    Str: 12    XL:     15   Next: 35%
Magic:  26/28      EV: 24    Int: 20    God:    Hepliaklqana [******]
Gold:   2183       SH:  0    Dex: 12    Spells: 17/33 levels left

rFire    . . .     SeeInvis .   b - +5 long sword (holy)
rCold    . . .     Gourm    .   (no shield)
rNeg     . . .     Faith    .   (armour unavailable)
rPois    .         Spirit   .   (helmet restricted)
rElec    .         Reflect  .   n - +2 cloak
rCorr    +         Harm     .   f - +2 pair of gloves
MR       +....                  (no boots)
Stlth    ++........             m - amulet of magic regeneration
HPRegen  1.28/turn              E - +3 ring of evasion
MPRegen  0.46/turn              C - +5 ring of evasion

@: regenerating (expiring)
A: spit acid, acid resistance, unfitting armour, reduced essence, acidic bite,
cold-blooded, AC +9
a: Breathe Acid, Recall Ancestor, Ancestor Identity, Transference, Idealise,
Renounce Religion


You were on level 14 of the Dungeon.
You worshipped Hepliaklqana.
Hepliaklqana was exalted by your worship.
You were hungry.

You visited 3 branches of the dungeon, and saw 21 of its levels.

You collected 2183 gold pieces.

Inventory:

Hand Weapons
 a - a +2 short sword of draining
 b - a +5 long sword of holy wrath (weapon)
Armour
 f - a +2 pair of gloves (worn)
 n - a +2 cloak (worn)
 F - a +0 large shield
Magical Staves
 B - an uncursed staff of poison
Jewellery
 m - an amulet of magic regeneration (around neck)
 u - an uncursed ring of see invisible
 C - a +5 ring of evasion (right hand)
 E - a +3 ring of evasion (left hand)
 P - an uncursed ring of fire
 S - an uncursed ring of wizardry
 U - an uncursed ring of fire
 X - an uncursed ring of protection from magic
 Z - an uncursed ring of protection from magic
Wands
 j - a wand of paralysis (30)
 l - a wand of acid (28)
 o - a wand of polymorph (14)
 q - a wand of flame (103)
 L - a wand of iceblast (24)
 W - a wand of enslavement (14)
Scrolls
 e - 9 scrolls of remove curse
 h - 7 scrolls of magic mapping
 i - 8 scrolls of fog
 k - a scroll of amnesia
 s - a scroll of brand weapon {unknown}
 t - 3 scrolls of teleportation
 v - 5 scrolls of immolation
 x - a scroll of enchant armour
 y - a scroll of fear
 K - 2 scrolls of blinking
 M - 8 scrolls of identify
Potions
 d - 2 potions of mutation
 g - 3 potions of haste
 p - 6 potions of brilliance
 r - 2 potions of cancellation
 w - 6 potions of might
 A - 2 potions of lignification
 G - 2 potions of agility
 H - 3 potions of curing
 I - 2 potions of flight
 N - a potion of invisibility
 O - 2 potions of berserk rage
 T - a potion of resistance
Miscellaneous
 c - a phial of floods
 Q - a sack of spiders
 R - a lightning rod (4/4)
 Y - 2 phantom mirrors
Comestibles
 z - 10 chunks of flesh
 D - 35 rations


   Skills:
 + Level 8.3 Fighting
 + Level 8.4 Dodging
 - Level 1.7 Stealth
 + Level 3.0 Shields
 + Level 9.9 Spellcasting
 + Level 7.9 Conjurations
 + Level 6.0 Charms
 + Level 5.1 Summonings
 - Level 4.6 Necromancy
 * Level 16.4 Ice Magic
 + Level 7.3 Invocations
 + Level 5.0 Evocations


You had 17 spell levels left.
You knew the following spells:

 Your Spells              Type           Power        Failure   Level  Hunger
b - Ozocubu's Armour      Chrm/Ice       ######..     1%          3    None
c - Throw Icicle          Conj/Ice       ######..     1%          4    ##.....
d - Summon Ice Beast      Ice/Summ       ######..     1%          4    ##.....
e - Regeneration          Chrm/Necr      ####......   2%          3    None
f - Ensorcelled Hibernat  Hex/Ice        #####.       1%          2    None


Dungeon Overview and Level Annotations

Branches:
Dungeon (14/15)            Temple (1/1) D:5            Lair (6/6) D:11
 Shoals (0/4) Lair:4        Snake (0/4) Lair:4        Slime (0/5) Lair:5
    Orc (0/2) D:10         Vaults (0/5) D:14

Altars:
Ashenzari
Cheibriados
Dithmenos
Elyvilon
Fedhas
Gozag
Hepliaklqana
Makhleb
Nemelex Xobeh
Okawaru
Qazlal
Ru
Sif Muna
Trog
Vehumet
Wu Jian
Xom
Yredelemnul
Zin
The Shining One
Beogh
Jiyva

Shops:
D:7 %

Annotations:
D:4 Lovchig's ghost, amateur DDFi


Innate Abilities, Weirdness & Mutations

You can spit globs of acid.
You are resistant to acid.
Your golden yellow scales are hard. (AC +9)
You cannot fit into any form of body armour.
You have acidic saliva.
You are cold-blooded and may be slowed by cold attacks.
Your life essence is reduced to manifest your ancestor. (-10% HP)


Message History

Casting: Throw Icicle
Confirm with . or Enter, or press ? or * to list all spells.
Your skin crawls.
Onaxys emerges from the mists of memory!
The white ugly thing engulfs you but does no damage.
Onaxys hits the white ugly thing with a broad axe of flaming.
Onaxys burns the white ugly thing.
Your skin is crawling a little less now.
You hit the white ugly thing.
The white ugly thing is lightly wounded.
The white ugly thing completely misses you.
The white ugly thing engulfs you. The white ugly thing freezes you!!
You feel yourself slow down.
* * * LOW HITPOINT WARNING * * *
Onaxys hits the white ugly thing but does no damage.
You feel yourself speed up. The white ugly thing engulfs you!
* * * LOW HITPOINT WARNING * * *
The white ugly thing freezes you!!
You die...

######### #........
##############........
#...........##........
#.>..........#[....###
#........((.()(.(..#(.
#....@uR.(..##(....#..
#...........##.....#..
#####'##########'#.#.. ##..#
#.#.#.. ##### #..## #.#(##'
...# #.## #.#.#.. #.###
##'####### #.#.#..
#.'.####..(<(...# #.#.#..
#.#...##...(.(..######.#.#..


You could see the friendly Onaxys the knight and a white ugly thing.

Vanquished Creatures
  Gastronok (Lair:1)
  Nessos (D:13)
  2 dire elephants (Lair:6)
  A vault guard (D:14)
  3 hydras
  2 centaur warriors (D:14)
  3 two-headed ogres
  4 tengu warriors
  4 death yaks
  3 unseen horrors
  2 lindwurms (Lair:6)
  A deep elf mage (D:13)
  2 wizards
  3 ugly things
  3 cyclopes
  2 elephants (Lair:4)
  5 manticores
  3 black mambas
  2 centaur zombies
  A gargoyle (D:13)
  7 spiny frogs
  2 komodo dragons
  A wolf spider simulacrum (D:13)
  3 trolls
  A polar bear (Lair:5)
  2 slime creatures (D:13)
  2 hornets (Lair:6)
  6 blink frogs
  A dream sheep (Lair:6)
  3 hippogriffs
  2 centaur simulacra (D:13)
  A redback (D:7)
  A water elemental (D:13)
  5 humans
  19 yaks
  A spriggan (D:9)
  3 basilisks (Lair:6)
  A steam dragon (D:10)
  A hungry ghost (D:10)
  3 nagas (Lair:4)
  2 large abominations (D:9)
  6 water moccasins
  2 porcupines
  Duvessa (D:5)
  6 orc warriors
  2 ice beasts
  A sky beast (D:12)
  An eye of draining (D:12)
  A phantom (D:6)
  2 wolves
  3 black bears
  4 ogres
  11 centaurs
  3 small abominations (D:9)
  A crocodile (D:11)
  10 bullfrogs
  A big kobold (D:14)
  A gnoll sergeant (D:6)
  A wyvern zombie (D:13)
  Dowan (D:5)
  5 scorpions
  A wyvern skeleton (D:12)
  3 killer bees
  An electric eel (D:13)
  A wight (D:9)
  4 crimson imps
  3 bullfrog zombies
  6 hounds
  A quasit (D:12)
  A wyvern simulacrum (D:13)
  An iron imp (D:7)
  6 orc priests
  A gnoll shaman (D:9)
  3 jellies
  4 orc wizards
  2 iguanas
  Ijyb (D:3)
  9 worker ants
  A bullfrog simulacrum (D:13)
  A hound zombie (D:7)
  2 hound skeletons
  A worker ant zombie (D:8)
  7 gnolls
  12 adders
  2 shadow imps (D:6)
  A white imp (D:13)
  An ufetubus (D:13)
  An adder zombie (D:6)
  An adder skeleton (D:8)
  2 worms
  4 dart slugs
  7 leopard geckos
  50 orcs
  6 giant cockroaches
  2 goblins
  5 hobgoblins
  7 jackals
  2 quokkas
  2 ball pythons
  6 bats
  4 frilled lizards
  17 kobolds
  A leopard gecko skeleton (D:6)
  2 leopard gecko zombies
  5 rats
  A fungus (Lair:4)
379 creatures vanquished.

Vanquished Creatures (collateral kills)
  4 hydras
  A rakshasa (D:14)
  A centaur warrior (D:14)
  A catoblepas (Lair:5)
  2 two-headed ogres
  The ghost of grom234 the Blocker, a novice FoFi of Okawaru (D:7)
  6 death yaks
  A wizard (D:14)
  A flayed ghost (D:7)
  A lindwurm (Lair:6)
  A wolf spider (Lair:6)
  6 elephants
  Joseph (Lair:1)
  4 spiny frogs
  3 rime drakes
  A centaur skeleton (D:13)
  A komodo dragon (Lair:2)
  2 freezing wraiths (D:14)
  5 trolls
  3 large abominations (D:9)
  2 polar bears
  A dream sheep (Lair:6)
  7 hippogriffs
  18 blink frogs
  A shadow (D:12)
  A centaur simulacrum (D:13)
  22 yaks
  A wraith (D:14)
  2 basilisks
  2 hungry ghosts
  4 small abominations (D:9)
  2 vampire mosquitoes (D:14)
  14 humans (D:14)
  A steam dragon (D:7)
  7 water moccasins
  2 orc warriors
  3 porcupines
  2 ice beasts
  A necrophage (D:7)
  An ogre (D:8)
  6 wolves
  2 phantoms
  6 centaurs (D:14)
  8 crocodiles
  3 big kobolds
  9 bullfrogs
  A water moccasin skeleton (D:7)
  4 scorpions
  9 killer bees
  2 wights
  A howler monkey (D:13)
  A crimson imp (D:10)
  A bullfrog zombie (D:11)
  A hound (D:11)
  A jelly (D:9)
  An orc wizard (D:11)
  A gnoll shaman (D:9)
  A bullfrog skeleton (D:11)
  2 iguanas
  4 worker ants
  A bullfrog simulacrum (D:13)
  2 hound skeletons
  A worker ant zombie (D:7)
  6 gnolls
  2 adders
  4 shadow imps
  An ufetubus (D:13)
  2 leopard geckos
  23 orcs
  A giant cockroach (D:7)
  4 kobolds
  2 quokkas
  A jackal skeleton (D:9)
254 creatures vanquished.

Vanquished Creatures (others)
  A human (D:14)
  11 knights
  3 ancestors
  A gnoll (D:7)
  An adder (D:7)
  A kobold (D:14)
  4 fungi
  4 plants
26 creatures vanquished.

Grand Total: 659 creatures vanquished

Notes
Turn   | Place    | Note
-------+----------+-------------------------------------------
     0 | D:1      | Inarius the Draconian Ice Elementalist began the quest for the Orb.
     0 | D:1      | Reached XP level 1. HP: 14/14 MP: 3/3
   432 | D:1      | Reached XP level 2. HP: 18/20 MP: 1/5
  1309 | D:2      | Reached XP level 3. HP: 25/26 MP: 0/6
  1429 | D:2      | Reached skill level 4 in Ice Magic
  2090 | D:2      | Reached XP level 4. HP: 31/33 MP: 2/7
  2440 | D:2      | Learned a level 3 spell: Ozocubu's Armour
  2445 | D:2      | Learned a level 4 spell: Throw Icicle
  2579 | D:3      | Noticed Ijyb
  2589 | D:3      | Killed Ijyb
  2802 | D:2      | Reached skill level 5 in Ice Magic
  2802 | D:2      | Reached XP level 5. HP: 32/39 MP: 2/9
  3271 | D:3      | Found a stormy altar of Qazlal.
  3392 | D:4      | Found a shattered altar of Ashenzari.
  3411 | D:4      | Noticed Lovchig's ghost (amateur DDFi)
  3477 | D:4      | Reached XP level 6. HP: 39/46 MP: 2/10
  4089 | D:4      | Reached skill level 1 in Charms
  4430 | D:4      | Reached skill level 6 in Ice Magic
  4679 | D:5      | Entered Level 5 of the Dungeon
  5109 | D:5      | Your scales start taking on a golden yellow colour.
  5109 | D:5      | Reached XP level 7. HP: 51/51 MP: 8/12
  5291 | D:5      | Reached skill level 1 in Fighting
  5484 | D:5      | Found a staircase to the Ecumenical Temple.
  5494 | Temple   | Entered the Ecumenical Temple
  5523 | Temple   | Became a worshipper of Hepliaklqana the Forgotten
  5586 | D:5      | Reached skill level 7 in Ice Magic
  5944 | D:5      | Noticed Dowan
  5948 | D:5      | Noticed Duvessa
  5960 | D:5      | Killed Duvessa
  5964 | D:5      | Killed Dowan
  5964 | D:5      | Reached XP level 8. HP: 46/53 MP: 2/14
  6592 | D:5      | Reached skill level 5 in Spellcasting
  6718 | D:6      | Reached * piety under Hepliaklqana
  7001 | D:6      | Reached skill level 8 in Ice Magic
  7127 | D:6      | Learned a level 4 spell: Summon Ice Beast
  7320 | D:5      | Learned a level 3 spell: Regeneration
  7338 | D:6      | Found an ornate altar of the Wu Jian Council.
  7674 | D:7      | Noticed grom234's ghost (novice FoFi)
  8275 | D:7      | Found Reys's Food Shoppe.
  8334 | D:7      | Reached XP level 9. HP: 61/61 MP: 13/17
  8413 | D:7      | Found a snail-covered altar of Cheibriados.
  8891 | D:7      | Killed grom234's ghost
  8891 | D:7      | Reached skill level 1 in Necromancy
  8891 | D:7      | Reached skill level 9 in Ice Magic
  9530 | D:8      | Noticed a two-headed ogre
  9995 | D:8      | Reached XP level 10. HP: 63/69 MP: 10/19
 10004 | D:8      | Noticed a two-headed ogre
 10047 | D:7      | Reached ** piety under Hepliaklqana
 10064 | D:7      | Remembered your ancestor Onaxys as a knight
 10081 | D:7      | Reached skill level 5 in Dodging
 10145 | D:7      | Noticed a manticore
 10155 | D:7      | Noticed a flayed ghost
 10431 | D:7      | Killed a two-headed ogre
 10431 | D:7      | Reached skill level 10 in Ice Magic
 10567 | D:8      | Killed a two-headed ogre
 10838 | D:7      | Killed a flayed ghost
 10838 | D:7      | Reached skill level 1 in Summonings
 10846 | D:7      | Killed a manticore
 10846 | D:7      | Reached skill level 5 in Conjurations
 10874 | D:7      | Noticed an unseen horror
 10883 | D:7      | Killed an unseen horror
 11026 | D:7      | Noticed a seven-headed hydra
 11039 | D:7      | Killed a seven-headed hydra
 11039 | D:7      | Reached skill level 11 in Ice Magic
 11039 | D:7      | Reached XP level 11. HP: 51/74 MP: 0/20
 11451 | D:9      | Found a roughly hewn altar of Beogh.
 11639 | D:9      | Noticed a wizard
 11647 | D:9      | Noticed a large abomination
 11702 | D:9      | Killed a wizard
 12101 | D:9      | Reached skill level 1 in Invocations
 12199 | D:9      | Noticed a large abomination
 12256 | D:10     | Entered Level 10 of the Dungeon
 12723 | D:10     | Reached *** piety under Hepliaklqana
 12788 | D:10     | Found a staircase to the Orcish Mines.
 13005 | D:10     | Reached skill level 13 in Ice Magic
 13005 | D:10     | Reached skill level 5 in Invocations
 13005 | D:10     | Reached XP level 12. HP: 81/81 MP: 21/21
 13496 | D:11     | Found a staircase to the Lair.
 13587 | D:11     | Reached skill level 1 in Evocations
 13813 | D:11     | Noticed a six-headed hydra
 13820 | D:11     | Killed a six-headed hydra
 13883 | D:11     | Reached skill level 1 in Shields
 14687 | D:12     | Noticed a two-headed ogre
 14711 | D:12     | Killed a two-headed ogre
 14712 | D:12     | Reached XP level 13. HP: 89/89 MP: 6/24
 14868 | D:12     | Reached skill level 5 in Fighting
 15480 | D:9      | Reached skill level 14 in Ice Magic
 15572 | Lair:1   | Entered Level 1 of the Lair of Beasts
 15716 | Lair:1   | Reached skill level 5 in Charms
 15718 | Lair:1   | Noticed Gastronok
 15735 | Lair:1   | Killed Gastronok
 15801 | Lair:1   | Reached **** piety under Hepliaklqana
 15826 | Lair:1   | Noticed Joseph
 15834 | Lair:1   | Killed Joseph
 16570 | Lair:2   | Learned a level 2 spell: Ensorcelled Hibernation
 17251 | Lair:3   | Reached ***** piety under Hepliaklqana
 18857 | Lair:4   | Found a staircase to the Snake Pit.
 19068 | Lair:4   | Found a staircase to the Shoals.
 19143 | Lair:4   | Reached skill level 15 in Ice Magic
 19740 | Lair:4   | Gained mutation: You have acidic saliva. [Yellow Draconian growth]
 19740 | Lair:4   | Reached XP level 14. HP: 65/99 MP: 5/27
 20396 | Lair:5   | Found a viscous altar of Jiyva.
 20396 | Lair:5   | Found a staircase to the Slime Pits.
 20599 | Lair:6   | Entered Level 6 of the Lair of Beasts
 21650 | Lair:6   | Reached skill level 5 in Evocations
 22728 | D:13     | Reached skill level 5 in Summonings
 22985 | D:13     | Reached skill level 16 in Ice Magic
 23260 | D:13     | Reached ****** piety under Hepliaklqana
 23374 | D:13     | Noticed Nessos
 23393 | D:13     | Killed Nessos
 24103 | D:14     | Reached XP level 15. HP: 107/108 MP: 4/28
 25231 | D:14     | Found a gate to the Vaults.
 25234 | D:14     | Found the +10 Black Knight's horse barding {ponderous, rPois rN+}
 25329 | D:14     | Slain by a white ugly thing

Skill      XL: |  1  2  3  4  5  6  7  8  9 10 11 12 13 14 15 |
---------------+----------------------------------------------+-----
Ice Magic      | 4 5 6 7 8 9 11 13 15 16 | 16.4
Dodging        | 2 3 4 6 7 8 |  8.4
Spellcasting   | 3 4 5 6 7 9 |  9.9
Charms         | 1 2 3 4 5 6 |  6.0
Conjurations   | 2 3 5 6 7 |  7.9
Fighting       | 1 2 3 4 6 8 |  8.3
Necromancy     | 2 3 4 |  4.6
Summonings     | 2 3 4 5 |  5.1
Invocations    | 5 6 7 |  7.3
Evocations     | 2 4 5 |  5.0
Shields        | 2 3 |  3.0
Stealth        | |  1.7

Action                   |  1- 3 |  4- 6 |  7- 9 | 10-12 | 13-15 || total
-------------------------+-------+-------+-------+-------+-------++-------
Melee: Unarmed           |    30 |       |       |       |       ||    30
       Tailslap          |     6 |     9 |    25 |    43 |    85 ||   168
       Short sword       |    33 |    53 |       |   206 |   689 ||   981
       Dagger            |       |    49 |   263 |   117 |       ||   429
       Flail             |       |       |       |    93 |    52 ||   145
       Rapier            |       |       |       |       |     4 ||     4
       Bite              |       |       |       |       |    52 ||    52
       Long sword        |       |       |       |       |     2 ||     2
 Cast: Freeze            |    47 |    93 |    39 |       |       ||   179
       Ozocubu's Armour  |       |     7 |    17 |    24 |    54 ||   102
       Throw Icicle      |       |       |    51 |   128 |   292 ||   471
       Regeneration      |       |       |    14 |    20 |    59 ||    93
       Summon Ice Beast  |       |       |       |    16 |    76 ||    92
Invok: Ancestor Identity |       |       |     1 |       |       ||     1
       Recall Ancestor   |       |       |     6 |     3 |     9 ||    18
       Ancestor Life: Kn |       |       |       |     1 |       ||     1
       Transference      |       |       |       |     1 |     2 ||     3
 Abil: Breathe Acid      |       |       |     4 |     8 |     4 ||    16
  Use: Scroll            |       |     6 |    13 |     7 |    10 ||    36
       Potion            |       |       |     6 |     4 |     8 ||    18
 Stab: Sleeping          |     3 |     1 |     2 |     1 |     1 ||     8
       Distracted        |       |       |     1 |     7 |     7 ||    15
  Eat: Chunk             |     1 |    10 |    16 |    34 |    54 ||   115
       Ration            |     1 |       |     3 |     2 |     4 ||    10
Armor: Skin              |    23 |    69 |   124 |   122 |   279 ||   617
Dodge: Dodged            |    67 |   139 |   297 |   673 |  1135 ||  2311
